 Dungeon Crawl Stone Soup version 0.19-a0-1720-gc855d72 (webtiles) character file.

1561 kae the Carver (level 9, 0/73 HPs)
             Began as a Formicid Fighter on Sept 29, 2016.
             Was an Initiate of Ru.
             Slain by Xiguana's ghost (1 damage)
             ... on level 6 of the Dungeon.
             The game lasted 00:07:06 (6685 turns).

kae the Carver (Formicid Fighter)                   Turns: 6685, Time: 00:07:07

Health: 0/73       AC:  7    Str: 25    XL:     9   Next: 13%
Magic:  9/9        EV:  8    Int:  7    God:    Ru [......]
Gold:   360        SH: 14    Dex: 10    Spells: 0 memorised, 8 levels left

rFire  . . .     SeeInvis +     a - +0 long sword
rCold  . . .     Gourm    .     b - +0 scale mail
rNeg   + . .     Faith    .     c - +1 shield
rPois  .         Spirit   .     (helmet unavailable)
rElec  .         Dismiss  .     (no cloak)
rCorr  .         Reflect  +     (no gloves)
MR     .....     Harm     .     (no boots)
Stlth  ..........               v - +4 amulet of reflection
                                m - ring of positive energy
                                (no ring)

@: very slightly contaminated, drained, invisible
A: permanent stasis, dig shafts and tunnels, four strong arms, antennae 3
a: Dig, Shaft Self, Renounce Religion


You were on level 6 of the Dungeon.
You worshipped Ru.
Ru was noncommittal.
You were hungry.

You visited 1 branch of the dungeon, and saw 8 of its levels.
You also visited: Sewer.

You collected 360 gold pieces.

Inventory:

Hand Weapons
 a - a +0 long sword (weapon)
Armour
 b - a +0 scale mail (worn)
 c - a +1 shield (worn)
Jewellery
 m - a ring of positive energy (right hand)
 v - a +4 amulet of reflection (around neck)
Scrolls
 e - a scroll of identify
 l - a scroll of amnesia
 p - a scroll of immolation {unknown}
 r - 2 scrolls of enchant weapon
 t - a scroll of noise {unknown}
 x - 4 scrolls of remove curse
Potions
 g - a potion of invisibility
 h - a potion of heal wounds {unknown}
 j - a potion of curing
 n - a potion of cancellation
 q - a potion of lignification
 u - 3 potions of flight
Books
 k - a Fen Folio

   Spells                             Type                      Level
   a - Corpse Rot                     Necromancy                   2
   b - Stone Arrow                    Conjuration/Earth            3
   c - Leda's Liquefaction            Hexes/Earth                  4
   d - Summon Forest                  Summoning/Translocation      5
   e - Hydra Form                     Transmutation                6
   f - Summon Hydra                   Summoning                    7
Comestibles
 d - a beef jerky
 f - 4 bread rations
 i - a royal jelly
 o - a meat ration
 s - 5 fruits


   Skills:
 + Level 7.6(7.5) Fighting
 * Level 9.0(8.9) Long Blades
 - Level 3.2(3.1) Armour
 - Level 3.6(3.4) Shields


You had 8 spell levels left.
You didn't know any spells.

Dungeon Overview and Level Annotations

Branches:
Dungeon (8/15)
 Temple: D:4-7         Lair: D:8-11

Altars:
Ashenzari
Gozag
Nemelex Xobeh
Okawaru
Ru
Trog
Uskayaw
Xom
Yredelemnul

Annotations:
D:6 Xiguana's ghost, novice DsCK


Innate Abilities, Weirdness & Mutations

You are under a permanent stasis effect.
You can dig through walls and to a lower floor.
Your four strong arms can wield two-handed weapons with a shield.
You have a pair of large antennae on your head. (SInv)


Message History

You slash Xiguana's ghost!
Xiguana's ghost is severely damaged.
You block Xiguana's ghost's attack.
Your shield and scale mail prevent you from hitting Xiguana's ghost.
Xiguana's ghost is severely damaged.
You block Xiguana's ghost's attack.
You catch the helpless Xiguana's ghost completely off-guard!
You slash Xiguana's ghost!
Xiguana's ghost is almost destroyed.
You block Xiguana's ghost's attack.
Xiguana's ghost hits you but does no damage.
You are electrocuted!
* * * LOW HITPOINT WARNING * * *
Unknown command.
You hit Xiguana's ghost but do no damage.
Xiguana's ghost is almost destroyed.
Xiguana's ghost hits you.
* * * LOW HITPOINT WARNING * * *
Xiguana's ghost burns you.
You die...

......# #.#.#.#.# ......#
#.#.#.#.# ###..>###.#'#.#.###
###.##......#.#.. .##....(.#.#.#
# ## ##.....##.#†# .## ...
##......<#.# ##...## ###
######..#.##......###
#....W@............
###########........#...#....
..........'.......###..[...# # #
##.....####................##.#.#
#..............#.).).#.........
##.....###.#.#.##.._..##...##.#.#
#####.## #.#.#..#.).).#..........
# #.####.#.#...........#.###..# #
#......#.##...###...##..#


You could see Xiguana's ghost.

Vanquished Creatures
  Sigmund (D:5)
  A water moccasin (D:5)
  2 ice beasts (D:5)
  An orc warrior (D:6)
  A black bear (D:6)
  A phantom (D:4)
  The ghost of Xiguana the Skirmisher, an amateur DsCK of Xom (D:3)
  A centaur (D:5)
  A bullfrog (D:5)
  A bullfrog zombie (D:5)
  A jelly (D:5)
  A hound (D:4)
  2 orc priests
  Jessica (D:2)
  5 orc wizards
  A howler monkey zombie (D:5)
  6 adders
  2 howler monkey skeletons
  3 river rats (D:3)
  9 oozes
  An adder zombie (D:5)
  An adder skeleton (D:4)
  4 worms
  A dart slug (D:2)
  4 leopard geckos
  19 orcs
  4 ball pythons
  13 bats
  14 giant cockroaches
  6 goblins
  A hobgoblin (D:1)
  8 jackals
  8 kobolds
  5 quokkas
  4 frilled lizards
  A quokka skeleton (D:4)
  A quokka zombie (D:5)
  11 rats
148 creatures vanquished.

Notes
Turn   | Place    | Note
-------+----------+-------------------------------------------
     0 | D:1      | kae the Formicid Fighter began the quest for the Orb.
     0 | D:1      | Reached XP level 1. HP: 18/18 MP: 1/1
     2 | D:1      | Found a runed door.
    88 | D:1      | Reached XP level 2. HP: 24/24 MP: 2/2
   628 | D:1      | Reached XP level 3. HP: 27/29 MP: 3/3
   630 | D:1      | Reached skill level 3 in Long Blades
   694 | D:2      | Reached XP level 4. HP: 22/37 MP: 4/4
  1168 | D:2      | Found a hide-covered altar of Uskayaw.
  1351 | D:2      | Noticed Jessica
  1370 | D:2      | Killed Jessica
  1370 | D:2      | Reached skill level 4 in Long Blades
  1370 | D:2      | Reached XP level 5. HP: 16/42 MP: 5/5
  2205 | D:3      | Found a glowing drain.
  2308 | Sewer    | Entered a sewer
  2779 | Sewer    | Reached skill level 5 in Long Blades
  2779 | Sewer    | Reached XP level 6. HP: 44/49 MP: 6/6
  3489 | D:3      | Noticed Xiguana's ghost (amateur DsCK)
  3498 | D:3      | Killed Xiguana's ghost
  3498 | D:3      | Reached skill level 5 in Fighting
  3900 | D:4      | Noticed a phantom
  3966 | D:4      | Killed a phantom
  3966 | D:4      | Reached skill level 6 in Long Blades
  3966 | D:4      | Reached XP level 7. HP: 30/56 MP: 7/7
  4278 | D:4      | Found a sparkling altar of Nemelex Xobeh.
  4408 | D:4      | Found a shattered altar of Ashenzari.
  4511 | D:4      | Found a bloodstained altar of Trog.
  4554 | D:5      | Entered Level 5 of the Dungeon
  4813 | D:5      | Noticed a water moccasin
  4827 | D:5      | Killed a water moccasin
  4827 | D:5      | Reached skill level 7 in Long Blades
  4827 | D:5      | Reached XP level 8. HP: 44/64 MP: 8/8
  5338 | D:5      | Found an opulent altar of Gozag.
  5389 | D:5      | Found a basalt altar of Yredelemnul.
  5392 | D:5      | Found a shimmering altar of Xom.
  5395 | D:5      | Found a sacrificial altar of Ru.
  5427 | D:5      | Became a worshipper of Ru the Awakened
  5459 | D:5      | You fall through a shaft for 3 floors!
  5824 | D:5      | Noticed Sigmund
  5836 | D:5      | Killed Sigmund
  5836 | D:5      | Reached skill level 8 in Long Blades
  6336 | D:6      | Found an iron altar of Okawaru.
  6382 | D:6      | Reached XP level 9. HP: 61/72 MP: 9/9
  6642 | D:6      | Noticed Xiguana's ghost (novice DsCK)
  6652 | D:6      | Reached skill level 9 in Long Blades
  6685 | D:6      | HP: 1/73 [Xiguana's ghost (3)]
  6685 | D:6      | Slain by Xiguana's ghost

Vault maps used:
D:1:      dpeg_arrival_caged_fury
D:2:      old_standard_altar, first_bread, minmay_misc_feat_four_crosses,
          minmay_misc_feat_iff, uniq_jessica
D:3:      portal_sewer_entry_e
D:4:      nemelex_xobeh_ov_fountains_minmay, kennysheep_little_box,
          lightli_temple_of_fire
D:5:      grunt_temple_overflow_diamond, grunt_gozag_statues,
          minmay_misc_feat_roman, glass_columns_b, uniq_sigmund
D:6:      okawaru_ov_weapons_minmay
D:7:      lemuel_zombie_altar_kikubaaqudgha, lemuel_doored_altar
D:8:      lair_0_dummy, uniq_maurice, uniq_prince_ribbit1
Sewer:    sewer_fruit_machine

Skill      XL: |  1  2  3  4  5  6  7  8  9 |
---------------+----------------------------+-----
Long Blades    | 3 4 5 6 7 8 9 |  9.0
Fighting       | 4 5 6 7 |  7.6
Armour         | |  3.2
Shields        | |  3.6

Action                   |  1- 3 |  4- 6 |  7- 9 || total
-------------------------+-------+-------+-------++-------
Melee: Long sword        |   101 |   309 |   250 ||   660
 Abil: Dig               |       |     9 |     6 ||    15
       Shaft Self        |       |       |     1 ||     1
  Use: Scroll            |       |    14 |     1 ||    15
       Potion            |       |     3 |     1 ||     4
 Stab: Invisible         |       |       |     3 ||     3
  Eat: Chunk             |       |     9 |     7 ||    16
       Bread ration      |       |     1 |       ||     1
       Beef jerky        |       |       |     2 ||     2
Armor: Scale mail        |    40 |   112 |    57 ||   209
Dodge: Dodged            |    24 |    78 |    50 ||   152
Block: Shield            |    43 |   227 |   140 ||   410
       Reflection        |       |     5 |     2 ||     7
